 Dungeon Crawl Stone Soup version 0.17-a0-2064-g265a032 (webtiles) character file.

133 Ijustatesigmund the Sneak (level 5, -3/31 HPs)
             Began as an Octopode Wizard on Oct 12, 2015.
             Killed from afar by Natasha (6 damage)
             ... with a magic dart
             ... on level 2 of the Dungeon.
             The game lasted 00:12:15 (2406 turns).

Ijustatesigmund the Sneak (Octopode Wizard)         Turns: 2406, Time: 00:12:15

Health: -3/31      AC:  1    Str:  7    XL:     5   Next: 16%
Magic:  3/9        EV: 12    Int: 21    God:
Gold:   131        SH:  0    Dex: 10    Spells: 4 memorised, 1 level left

rFire  + . .     SeeInvis +     d - +0 short sword
rCold  + . .     Clarity  .     (no shield)
rNeg   . . .     SustAt   .     a - +0 hat
rPois  +         Gourm    .     (no amulet)
rElec  +         Spirit   .     e - ring of see invisible
rCorr  +         Warding  .     j - ring of wizardry
rMut   .         Stasis   .     (no ring)
MR     .....                    (no ring)
Stlth  ++++......               (no ring)
                                (no ring)
                                (no ring)
                                (no ring)

@: resistant, not resistant to hostile enchantments, stealthy
A: almost no armour, amphibious, 8 rings, constrict 8, camouflage 1, gelatinous
body 1
a: no special abilities


You were on level 2 of the Dungeon.
You were not hungry.

You visited 1 branch of the dungeon, and saw 3 of its levels.

You collected 131 gold pieces.

Inventory:

Hand Weapons
 d - a +0 short sword (weapon)
Armour
 a - a +0 hat (worn)
Jewellery
 e - a ring of see invisible (left tentacle)
 j - a ring of wizardry (right tentacle)
Wands
 k - a wand of confusion (44)
Scrolls
 g - a scroll of remove curse
Books
 b - a book of Minor Magic

   Spells                             Type                      Level
   a - Magic Dart                     Conjuration                  1
   b - Blink                          Translocation                2
   c - Call Imp                       Summoning                    2
   d - Repel Missiles                 Charms/Air                   2
   e - Slow                           Hexes                        2
   f - Conjure Flame                  Conjuration/Fire             3
   g - Mephitic Cloud                 Conjuration/Poison/Air       3
Comestibles
 c - a bread ration
 i - 2 beef jerkies
 l - 2 chunks of flesh


   Skills:
 - Level 1.2 Short Blades
 - Level 2.0 Dodging
 - Level 4.0 Stealth
 - Level 3.0 Spellcasting
 + Level 2.2 Conjurations
   Level 1.0 Summonings
 + Level 2.2 Translocations
 + Level 1.3 Air Magic
 + Level 1.9 Poison Magic


You had one spell level left.
You knew the following spells:

 Your Spells              Type           Power        Failure   Level  Hunger
a - Magic Dart            Conj           ##..         2%          1    None
b - Blink                 Tloc           N/A          4%          2    ##.....
c - Mephitic Cloud        Conj/Pois/Air  ##......     9%          3    ###....
d - Conjure Flame         Conj/Fire      #.......     12%         3    ###....


Dungeon Overview and Level Annotations

Branches:
Dungeon (3/15)

Altars:
Ashenzari
Elyvilon

Annotations:
D:2 Natasha


Innate Abilities, Weirdness & Mutations

You cannot wear most types of armour.
You are amphibious.
You can wear up to eight rings at the same time.
You can use your tentacles to constrict eight enemies at once.
Your skin changes colour to match your surroundings (Stealth).
Your rubbery body absorbs attacks (AC +1).


Message History

The jackal appears confused.
The jackal is engulfed in noxious fumes.
The jackal appears confused.
The jackal escapes!
Drink which item? (? for menu, Esc to quit)
It was a potion of resistance.
You feel protected.
The jackal is engulfed in noxious fumes.
The jackal appears confused.
You are too injured to fight recklessly!
You hit the jackal.
You kill the jackal!
Natasha zaps a wand.
Nothing appears to happen.
Natasha stares at you and mumbles some strange words.
The magic dart hits you!
* * * LOW HITPOINT WARNING * * *
Natasha mumbles some strange words.
You feel disoriented.
Natasha stares at you and mumbles some strange words.
The magic dart hits you!
You die...

#..g...S.# #.........# ###
#..<.....# #.#######.##### ..#
#........# #.#<..........# ..#
#........####.#..####.###.# ..#
###....(......#....##.# #.# ..#
##########..#..#.##.# #.# ..#
#..#...)...# #.#
..##############..#..#.######.#
..'.............@..h....>.....###
..##############........†.......#
### ####..#....####.## #<.#.##.#
#.# ##.#.##(# #.# #.#.##.# #.#
#.#..#.####.##
#######.#..........#
##############.........##.#######


You could see Natasha.

Vanquished Creatures
  Jessica (D:2)
  Natasha (twice) (D:2)
  3 adders
  3 worms
  4 bats
  4 giant cockroaches
  8 hobgoblins
  A jackal (D:2)
  6 kobolds
  5 giant newts
  7 goblins
  2 rats
46 creatures vanquished.

Notes
Turn   | Place    | Note
--------------------------------------------------------------
     0 | D:1      | Ijustatesigmund the Octopode Wizard began the quest for the Orb.
     0 | D:1      | Reached XP level 1. HP: 11/11 MP: 4/4
   302 | D:1      | Reached XP level 2. HP: 17/17 MP: 1/6
   306 | D:1      | Learned a level 2 spell: Blink
  1145 | D:2      | Reached skill level 1 in Short Blades
  1267 | D:2      | Reached XP level 3. HP: 21/21 MP: 3/7
  1272 | D:2      | Learned a level 3 spell: Mephitic Cloud
  1428 | D:2      | Reached skill level 4 in Stealth
  1573 | D:2      | Noticed Jessica
  1585 | D:2      | Killed Jessica
  1585 | D:2      | Reached XP level 4. HP: 27/27 MP: 1/8
  1658 | D:2      | Learned a level 3 spell: Conjure Flame
  1776 | D:2      | Found a white marble altar of Elyvilon.
  1961 | D:2      | Noticed Natasha
  1977 | D:2      | Killed Natasha
  1977 | D:2      | Reached skill level 1 in Air Magic
  1977 | D:2      | Reached skill level 1 in Poison Magic
  2013 | D:2      | Noticed Natasha
  2015 | D:2      | Killed Natasha
  2289 | D:3      | Reached XP level 5. HP: 29/31 MP: 2/9
  2362 | D:3      | Found a shattered altar of Ashenzari.
  2395 | D:2      | Noticed Natasha
  2406 | D:2      | Killed from afar by Natasha

Vault maps used:
D:1:      scummos_arrival_simple_fountains
D:2:      lemuel_round_altar, uniq_natasha, uniq_jessica
D:3:      led_sif_book, old_standard_altar, portal_sewer_entry_e, first_bread

Action                   |  1- 3 |  4- 6 || total
-------------------------+-------+-------++-------
Melee: Short sword       |    32 |    34 ||    66
 Cast: Magic Dart        |    50 |    21 ||    71
       Mephitic Cloud    |     1 |     6 ||     7
       Blink             |       |     2 ||     2
  Use: Scroll            |     8 |     2 ||    10
       Potion            |       |     1 ||     1
 Stab: Confused          |       |     2 ||     2
       Sleeping          |       |     1 ||     1
  Eat: Chunk             |     2 |     3 ||     5
